 Dungeon Crawl Stone Soup version 0.17.1-2-g5865329 (webtiles) character file.

4599 FortyThree the Spear-Bearer (level 10, -19/85 HPs)
             Began as a Merfolk Berserker on Feb 8, 2016.
             Was a High Priest of Trog.
             Demolished by an orc knight
             ... wielding a +0 broad axe
              (41 damage)
             ... in a bailey.
             The game lasted 00:23:12 (9202 turns).

FortyThree the Spear-Bearer (Merfolk Berserker)     Turns: 9202, Time: 00:23:12

Health: -19/85     AC:  8    Str: 22    XL:     10   Next: 41%
Magic:  10/10      EV: 22    Int: 10    God:    Trog [*****.]
Gold:   392        SH:  0    Dex: 22    Spells: 0 memorised, 9 levels left

rFire  . . .     SeeInvis .     A - +1 glaive
rCold  + . .     Clarity  .     K - +0 scale mail {rN+}
rNeg   + . .     SustAt   .     (shield currently unavailable)
rPois  .         Gourm    .     (no helmet)
rElec  .         Spirit   .     w - +1 cloak
rCorr  .         Warding  .     (no gloves)
rMut   .         Stasis   .     (no boots)
MR     ++...                    (no amulet)
Stlth  ++........               G - +3 ring of intelligence
                                H - ring of protection from cold

@: mighty, agile, regenerating, very resistant to hostile enchantments,
unstealthy
A: change form in water, swift swim
a: Berserk, Trog's Hand, Brothers in Arms, Burn Spellbooks, Renounce Religion


You were in a bailey.
You worshipped Trog.
Trog was extremely pleased with you.
You were not hungry.

You visited 1 branch of the dungeon, and saw 8 of its levels.
You also visited: Bailey.

You collected 392 gold pieces.

Inventory:

Hand Weapons
 a - a +0 spear
 b - a +0 blowgun
 A - a +1 glaive (weapon)
Missiles
 k - 3 throwing nets (quivered)
 y - 51 poisoned needles
Armour
 q - a +0 ring mail
 w - a +1 cloak (worn)
 x - a +0 animal skin
 K - a +0 scale mail of positive energy (worn)
Jewellery
 F - an uncursed ring of magical power
 G - a +3 ring of intelligence (right hand)
 H - a ring of protection from cold (left hand)
Wands
 f - a wand of disintegration (9)
 p - a wand of frost (27)
Scrolls
 d - a scroll of noise {unknown}
 e - a scroll of recharging
 j - 6 scrolls of remove curse
 m - 7 scrolls of enchant weapon
 M - a scroll of teleportation
Potions
 h - a potion of cancellation {unknown}
 i - 5 potions of brilliance
 l - 2 potions of haste
 o - a potion of poison {unknown}
 s - a potion of might
 t - 2 potions of cure mutation
 v - a potion of lignification
 z - a potion of flight
 B - 2 potions of resistance
 C - a potion of ambrosia
 D - a potion of degeneration {unknown}
 E - 2 potions of heal wounds
 J - a potion of curing
 L - a potion of agility
 N - a potion of mutation {unknown}
Comestibles
 c - 7 bread rations
 n - a royal jelly
 r - 2 fruits
 u - 8 slices of pizza
 I - 4 beef jerkies


   Skills:
 - Level 10.0 Fighting
 + Level 14.8 Polearms
 - Level 1.3 Armour
 + Level 8.4 Dodging


You had 9 spell levels left.
You didn't know any spells.

Dungeon Overview and Level Annotations

Branches:
Dungeon (8/15)             Temple (0/1) D:6
   Lair: D:8-11

Altars:
Cheibriados
Elyvilon
Kikubaaqudgha
Sif Muna
Trog
Vehumet

Shops:
D:8 %

Annotations:
D:6 exclusion: oklob sapling
D:8 Erica


Message History

Your troll claws the orc warlord.
You barely miss the orc knight.
Your troll bites the orc warlord!
Your troll claws the orc warlord but does no damage.
Your troll barely misses the orc warlord.
The orc knight roars a battlecry!
The orc goes into a battle-frenzy!
The orc knight closely misses you.
The orc knight hits your troll with a broad axe!!
Your troll dies!
Your troll's corpse disappears in a puff of smoke!
Your skin crawls.
You feel resistant to hostile enchantments.
You feel slightly more hungry.
The orc knight hits you with a broad axe!
* * * LOW HITPOINT WARNING * * *
The orc warlord roars a battlecry!
The orc goes into a battle-frenzy!
The orc warlord closely misses you.
The orc knight hits you with a broad axe!!!
You die...

.....)'...........#
⌠....)#.....⌠.....#
......#...........#
......#...........#
.....###.......))###
...###.###.....#)#.###
.###
...###.###.)...### ##
.... ###.........## #
....o #8.o@.......# #
...g.g#8goo.......# #
...oogo.....⌠....∩# #
....oo#8..........# #
....g #8..........# ##
.... ###.........##
.###
...###.###.....###
...###.###.....#)#.###
.....###.......).###


You could see an orc warlord, 2 orc knights, 3 orc warriors, a gnoll, 2 orcs, a
hobgoblin and a goblin.

Vanquished Creatures
  The ghost of FortyThree the Basher, a novice OgBe of Trog (D:6)
  Joseph (D:7)
  Eustachio (D:4)
  A hog (D:7)
  A human (D:7)
  Edmund (D:6)
  2 ice beasts
  6 orc warriors
  3 ogres
  A black bear (D:7)
  A wasp (D:7)
  2 centaurs
  The ghost of Tomstefer the Conjurer, an amateur HECj (D:3)
  A crocodile (D:8)
  2 giant frogs (D:6)
  3 wights (D:8)
  A scorpion (D:7)
  2 killer bees (D:8)
  5 hounds
  8 orc wizards
  Crazy Yiuf (D:2)
  An orc priest (D:3)
  A giant frog skeleton (D:8)
  Jessica (D:2)
  3 centaur skeletons
  Natasha (thrice) (D:2 D:4)
  An iguana (D:8)
  3 sheep (D:7)
  6 worker ants
  2 hound skeletons
  9 gnolls
  15 adders
  3 shadow imps
  An ooze (D:1)
  A worm (D:5)
  23 orcs
  6 ball pythons
  24 goblins
  24 hobgoblins
  10 jackals
  2 quokkas
  4 bats
  7 giant cockroaches
  3 giant geckos
  13 giant newts
  13 kobolds
  A quokka zombie (D:6)
  14 rats
239 creatures vanquished.

Vanquished Creatures (others)
  A jelly (D:7)
1 creature vanquished.

Grand Total: 240 creatures vanquished

Notes
Turn   | Place    | Note
--------------------------------------------------------------
     0 | D:1      | FortyThree the Merfolk Berserker began the quest for the Orb.
     0 | D:1      | Reached XP level 1. HP: 18/18 MP: 1/1
   201 | D:1      | Reached XP level 2. HP: 24/24 MP: 2/2
   234 | D:1      | Reached skill level 5 in Polearms
   576 | D:1      | Reached ** piety under Trog
   612 | D:1      | Reached XP level 3. HP: 21/30 MP: 3/3
   876 | D:2      | Noticed Natasha
  1017 | D:2      | Killed Natasha
  1137 | D:2      | Noticed Jessica
  1163 | D:2      | Reached XP level 4. HP: 6/37 MP: 4/4
  1164 | D:2      | Killed Jessica
  1164 | D:2      | Reached skill level 6 in Polearms
  1630 | D:2      | Reached XP level 5. HP: 27/43 MP: 5/5
  1683 | D:2      | Noticed Natasha
  1694 | D:2      | Killed Natasha
  1894 | D:2      | Reached *** piety under Trog
  1911 | D:2      | Reached skill level 7 in Polearms
  1949 | D:2      | Reached skill level 5 in Fighting
  2073 | D:2      | Noticed Crazy Yiuf
  2079 | D:2      | Killed Crazy Yiuf
  2296 | D:3      | Noticed Tomstefer's ghost (amateur HECj)
  2301 | D:3      | Killed Tomstefer's ghost
  2301 | D:3      | Reached XP level 6. HP: 52/52 MP: 6/6
  2313 | D:3      | Reached skill level 8 in Polearms
  3294 | D:4      | Noticed Natasha
  3301 | D:4      | Reached XP level 7. HP: 33/58 MP: 7/7
  3312 | D:4      | Killed Natasha
  3312 | D:4      | Reached **** piety under Trog
  3543 | D:4      | Reached skill level 9 in Polearms
  3718 | D:4      | Noticed Eustachio
  3760 | D:4      | Killed Eustachio
  4151 | D:4      | Reached XP level 8. HP: 30/67 MP: 8/8
  4419 | D:5      | Entered Level 5 of the Dungeon
  4444 | D:5      | Reached skill level 10 in Polearms
  4699 | D:5      | Found a white marble altar of Elyvilon.
  4720 | D:5      | Noticed a moth of wrath
  4723 | D:5      | Found a bloodstained altar of Trog.
  5067 | D:5      | Found a deep blue altar of Sif Muna.
  5404 | D:6      | Found a staircase to the Ecumenical Temple.
  5576 | D:6      | Reached skill level 11 in Polearms
  5688 | D:6      | Noticed Edmund
  5713 | D:6      | Killed Edmund
  6115 | D:6      | Noticed FortyThree's ghost (novice OgBe)
  6146 | D:6      | Killed FortyThree's ghost
  6146 | D:6      | Reached skill level 12 in Polearms
  6146 | D:6      | Reached XP level 9. HP: 55/78 MP: 9/9
  6224 | D:6      | Reached skill level 10 in Fighting
  7002 | D:7      | Found a radiant altar of Vehumet.
  7066 | D:7      | Noticed Joseph
  7102 | D:7      | Killed Joseph
  7102 | D:7      | Reached skill level 13 in Polearms
  7102 | D:7      | Reached skill level 5 in Dodging
  7393 | D:7      | Reached ***** piety under Trog
  7848 | D:7      | Reached XP level 10. HP: 75/85 MP: 10/10
  7867 | D:7      | Reached skill level 14 in Polearms
  8210 | D:8      | Found Pygegutoz's Food Shoppe.
  8210 | D:8      | Found a deep blue altar of Sif Muna.
  8210 | D:8      | Found an ancient bone altar of Kikubaaqudgha.
  8211 | D:8      | Found a snail-covered altar of Cheibriados.
  8272 | D:8      | Found a flagged portal.
  8281 | D:8      | Noticed Erica
  8281 | Bailey   | Entered a bailey
  9179 | Bailey   | Noticed an orc warlord
  9179 | Bailey   | Noticed an orc knight
  9179 | Bailey   | Noticed an orc knight
  9202 | Bailey   | Demolished by an orc knight

Action                   |  1- 3 |  4- 6 |  7- 9 | 10-12 || total
-------------------------+-------+-------+-------+-------++-------
Melee: Spear             |   130 |   298 |   580 |       ||  1008
       Glaive            |       |       |    12 |   197 ||   209
 Fire: Blowgun           |       |       |     4 |       ||     4
Throw: Throwing net      |       |       |     3 |       ||     3
Invok: Berserk           |     1 |     2 |     6 |       ||     9
       Burn Spellbooks   |       |     1 |       |     1 ||     2
       Trog's Hand       |       |       |     1 |     2 ||     3
       Brothers in Arms  |       |       |       |     1 ||     1
  Use: Scroll            |       |    15 |     1 |     5 ||    21
       Potion            |       |       |     1 |     2 ||     3
 Stab: Distracted        |     1 |       |       |       ||     1
       Sleeping          |     1 |       |       |       ||     1
       Held in net/web   |       |       |     2 |       ||     2
  Eat: Chunk             |     1 |    10 |    11 |       ||    22
       Bread ration      |       |       |     1 |     1 ||     2
       Meat ration       |       |       |     1 |       ||     1
       Fruit             |       |       |     1 |       ||     1
